 Dungeon Crawl Stone Soup version 0.30.1-11-g7821555f0a (webtiles) character file.

Game seed: 10497519208888964234

167 KyoPewz the Covert (level 5, -3/21 HPs)
             Began as a Felid Enchanter on Jan 6, 2024.
             Slain by a river rat (4 damage)
             ... in a sewer.
             The game lasted 00:09:35 (3123 turns).

KyoPewz the Covert (Felid Enchanter)                Turns: 3123, Time: 00:09:36

Health: -3/21      AC:  1    Str:  4    XL:     5   Next: 23%
Magic:  5/9        EV: 17    Int: 16    God:
Gold:   197        SH:  0    Dex: 19    Spells: 0/8 levels left
                                        Lives:  0   Deaths: 1

rFire   x .          .
                       - Unarmed
rCold   + . .        (shield unavailable)
rNeg    . . .        (body armour unavailable)
rPois   .            (helmet unavailable)
rElec   .            (cloak unavailable)
rCorr   .            (gloves unavailable)
SInv    +            (boots unavailable)
Will    .....        (no amulet)
Stlth   ++           i - ring of ice
HPRegen 0.23/turn    (no ring)
MPRegen 0.11/turn

%: no passive effects
@: very slow
A: very small, claws 1, fangs 3, see invisible, speed 1, shaggy fur 1, stealthy
paws, no weapons or thrown items, no armour, multi-lived
a: no special abilities


You were in a sewer.
You visited 1 branch of the dungeon, and saw 3 of its levels.
You also visited: Sewer.

You collected 197 gold pieces.

Inventory:

Jewellery
 i - a ring of ice (left paw)
Wands
 j - a wand of charming (8)
Scrolls
 c - a scroll of amnesia {unknown}
 f - 2 scrolls of enchant armour {unknown}
 h - a scroll of identify {unknown}
 k - a scroll of teleportation {unknown}
Potions
 a - 2 potions of invisibility
 b - a potion of curing {unknown}
 d - a potion of heal wounds {unknown}
 e - 3 potions of resistance {unknown}
 g - 2 potions of mutation {unknown}
 l - a potion of might {unknown}
 m - a potion of cancellation {unknown}


   Skills:
 - Level 2.6 Dodging
 - Level 8.5 Stealth
 - Level 1.0 Unarmed Combat
 - Level 2.0 Spellcasting
 - Level 5.0 Hexes
 + Level 1.9 Ice Magic


You couldn't memorise any spells.
You knew the following spells:

 Your Spells              Type           Power      Damage    Failure   Level
a - Ensorcelled Hibernat  Hex/Ice        38%        N/A       8%          2
b - Confusing Touch       Hex            17%        N/A       8%          3
c - Tukima's Dance        Hex            17%        N/A       8%          3

Your spell library contained the following spells:

 Spells                   Type           Power      Damage    Failure   Level
 Necrotise                Necr           4%         1d4       21%         1
 Summon Small Mammal      Summ           4%         N/A       21%         1
 Dazzling Flash           Conj/Hex       18%        N/A       22%         3
 Summon Guardian Golem    Hex/Summ       9%         N/A       22%         3
 Cigotuvi's Dreadful Rot  Necr/Pois/Air  2%         N/A       30%         2
 Call Canine Familiar     Summ           1%         N/A       52%         3
 Ignite Poison            Fire/Tmut/Pois 1%         N/A       52%         3
 Vampiric Draining        Necr           1%         2d6       52%         3
 Agony                    Necr           1%         N/A       99%         5
 Blade Hands              Tmut           0%         N/A       99%         5
 Freezing Cloud           Conj/Ice/Air   2%         6-21      99%         5
 Portal Projectile        Hex/Tloc       Unusable   N/A       N/A         3

Dungeon Overview and Level Annotations

Branches:
Dungeon (3/15)              Sewer (1/1)

Altars:
Xom


Innate Abilities, Weirdness & Mutations

You have sharp claws.
You have razor-sharp teeth.
You have supernaturally acute eyesight. (SInv)
You cover ground quickly. (Speed+)
You are covered in fur. (AC +1)
Your paws help you pounce on unaware monsters.
You are incapable of wielding weapons or throwing items.
You cannot wear armour.
You gain extra lives every three experience levels.


Message History

You take 1 damage, and have 17/21 hp.
Your unstable footing causes you to fumble your attack.
You feel sick. The river rat closely misses you.
You take 1 damage, and have 16/21 hp.
You scratch the river rat but do no damage.
You feel sick. The river rat bites you.
You take 3 damage, and have 13/21 hp.
Casting: Confusing Touch (quite dangerous; 8% risk of failure)
Confirm with . or Enter, or press ? or * to list all spells.
Aiming: Ensorcelled Hibernation (safe; 8% risk of failure)
Press: ? - help, Shift-Dir - straight line, f - river rat
Aim: a river rat (chance to affect: 61%)
You feel a surge of power!
The river rat resists with significant effort.
You feel sick. The river rat barely misses you.
You now have 7/9 mp.
Casting: Ensorcelled Hibernation (safe; 8% risk of failure)
Confirm with . or Enter, or press ? or * to list all spells.
Aiming: Ensorcelled Hibernation (safe; 8% risk of failure)
Press: ? - help, Shift-Dir - straight line, f/p - river rat
Aim: a river rat (chance to affect: 61%)
You feel a surge of power!
The river rat looks drowsy...
You feel sick.
You are no longer poisoned.
The kobold hits you with a +0 club.
You take 3 damage, and have 10/21 hp.
You now have 5/9 mp.
Your unstable footing causes you to fumble your attack.
The kobold barely misses you.
Casting: Ensorcelled Hibernation (safe; 8% risk of failure)
Confirm with . or Enter, or press ? or * to list all spells.
Okay, then.
You closely miss the kobold. You bite the kobold.
The kobold is severely wounded.
The river rat misses you. The kobold hits you with a +0 club.
You take 3 damage, and have 7/21 hp.
The kobold splashes around in the water.
The river rat bites you!
* * * LOW HITPOINT WARNING * * *
You take 6 damage, and have 1/21 hp.
MASSIVE DAMAGE!!
The river rat attacks as you move away! The river rat bites you.
You die...

.~.##
##.~.#
~~.#
#~(.#
.~.#
#~)~#
~~~##
##~~.##
~~..#
#~†.~~#
###~#
#.###.# #
#~# #~#
#~#
###~##
#.###~##
~#~.~#
~~~#~K@#
~#~#~#
#~#~#~#r#
~#~#~# #K
~#~#~#
~#~#~# #~
K#K#~#
)#.#.# #.
.#.#.#
###### ##
######


You could see a river rat and a kobold.

Vanquished Creatures
  2 kobold brigands (Sewer)
  3 gnolls
  An adder (Sewer)
  A river rat (Sewer)
  2 worms (Sewer)
  3 dart slugs
  An orc (D:3)
  4 bats
  3 endoplasms
  2 giant cockroaches
  7 goblins
  4 hobgoblins
  2 jackals (D:2)
  9 kobolds
  4 quokkas
  3 ball pythons
  A frilled lizard (D:2)
  12 rats
64 creatures vanquished.

Notes
Turn   | Place    | Note
-------+----------+-------------------------------------------
     0 | D:1      | KyoPewz the Felid Enchanter began the quest for the Orb.
     0 | D:1      | Reached XP level 1. HP: 7/7 MP: 4/4
   176 | D:1      | Found a faded altar of an unknown god.
   197 | D:1      | Reached skill level 5 in Stealth
   197 | D:1      | Reached XP level 2. HP: 11/11 MP: 6/6
   200 | D:1      | Learned a level 2 spell: Ensorcelled Hibernation
   819 | D:1      | Reached XP level 3. HP: 10/14 MP: 7/7
   963 | D:2      | Found a shimmering altar of Xom.
  1221 | D:2      | Reached skill level 6 in Stealth
  1777 | D:2      | Reached XP level 4. HP: 11/18 MP: 1/8
  2052 | D:3      | Reached skill level 7 in Stealth
  2081 | D:3      | Found a glowing drain.
  2205 | Sewer    | Entered a sewer
  2517 | Sewer    | Noticed a kobold brigand
  2587 | Sewer    | Killed a kobold brigand
  2588 | Sewer    | Reached skill level 8 in Stealth
  2588 | Sewer    | Reached XP level 5. HP: 9/21 MP: 6/9
  2655 | Sewer    | Learned a level 3 spell: Confusing Touch
  2659 | Sewer    | Learned a level 3 spell: Tukima's Dance
  2991 | Sewer    | Succumbed to a kobold brigand's curare-tipped dart
  2992 | Sewer    | Reached XP level 4. HP: -4/18 MP: 8/8
  3039 | Sewer    | Killed a kobold brigand
  3040 | Sewer    | Reached skill level 5 in Hexes
  3040 | Sewer    | Reached skill level 1 in Ice Magic
  3040 | Sewer    | Reached XP level 5. HP: 6/21 MP: 1/9
  3122 | Sewer    | HP: 1/21 [river rat (7)]
  3123 | Sewer    | Slain by a river rat

Illustrated notes

Levels and vault maps discovered:
D:1:      lightli_arrival_farm, layout_basic, ebering_ecumenical_altar_hall
D:2:      layout_loops_corners, basic_altar, hex_medium
D:3:      layout_rooms, portal_sewer_entry_f
Sewer:    sewer_co_tree

Skill      XL: |  1  2  3  4 |
---------------+-------------+-----
Stealth        | 5 6 8 |  8.5
Hexes          | 5 |  5.0
Ice Magic      | 1 |  1.9
Dodging        | |  2.6
Unarmed Combat | |  1.0
Spellcasting   | |  2.0

Action                     |  1- 3 |  4- 6 || total
---------------------------+-------+-------++-------
  Melee: Unarmed           |    74 |   115 ||   189
         Punch             |     1 |     1 ||     2
         Bite              |     8 |     9 ||    17
   Cast: Ensorcelled Hiber |    13 |    19 ||    32
         Tukima's Dance    |       |     1 ||     1
         Confusing Touch   |       |     1 ||     1
   Stab: Sleeping          |    15 |    14 ||    29
 Armour: Skin              |     2 |     3 ||     5
  Dodge: Dodged            |    58 |    75 ||   133
